 Dungeon Crawl Stone Soup version 0.31-a0-978-g1e143483b6 (webtiles) character file.

Game seed: 16635987300369567734

13835 javelincjr the Mimic (level 11, -10/84 HPs)
             Began as a Demonspawn Shapeshifter on Oct 30, 2023.
             Was an Elder of Hepliaklqana.
             Mangled by a rakshasa
             ... wielding a +0 trident of venom
              (13 damage)
             ... on level 10 of the Dungeon.
             The game lasted 00:42:30 (8665 turns).

javelincjr the Mimic (Demonspawn Shapeshifter)      Turns: 8665, Time: 00:42:30

Health: -10/84     AC: 32    Str: 25    XL:     11   Next: 80%
Magic:  15/17      EV: 11    Int: 12    God:    Hepliaklqana [****..]
Gold:   670        SH:  0    Dex: 15    Spells: 10/10 levels left

rFire   . . .        x - melded +4 dagger
rCold   . . .        (shield currently unavailable)
rNeg    . . .        g - +4 chain mail
rPois   .            V - +5 helmet of Puchocle {Drain rCorr Dex+3}
rElec   .            h - +0 cloak
rCorr   +            l - +2 pair of gloves {Stlth+}
SInv    .            (no boots)
Will    .....        (no amulet)
Stlth   +            t - ring of flight
HPRegen 0.34/turn    R - +6 ring of strength
MPRegen 0.15/turn

%: no passive effects
@: lethally poisoned (-10 -> -12), flux-form, sanguine armoured, flying, glowing
A: glow, contaminating, reduced essence, hooves 1, demonic guardian 1, spiny 2,
sanguine armour 2, robust 1, wild magic 1
a: Begin Untransformation, Renounce Religion, Recall Ancestor, Ancestor
Identity, Transference, Idealise


You were on level 10 of the Dungeon.
You worshipped Hepliaklqana.
Hepliaklqana was greatly pleased with you.
You were something dangerously unstable.
You visited 1 branch of the dungeon, and saw 10 of its levels.
You also visited: Sewer and Bailey.

You collected 670 gold pieces.

Inventory:

Hand Weapons
 r - a +2 dagger of distortion
 x - a +4 dagger (melded)
 F - a +4 short sword of freezing
 K - a +4 halberd
 L - a +3 trident of draining
 O - a +5 rapier of venom
 Q - a +4 short sword
 W - a +1 vampiric quick blade
Missiles
 w - 10 atropa-tipped darts
 G - 20 curare-tipped darts
 X - 17 boomerangs
Armour
 g - a +4 chain mail (worn)
 h - a +0 cloak (worn)
 l - a +2 pair of gloves of stealth (worn)
 m - a +0 kite shield
 n - a +0 plate armour
 y - a scarf of harm
 A - a +4 ring mail of fire resistance
 E - the +0 leather armour of Rasturao {*Slow rPois rF+++ rCorr}
   (You found it on level 5 of the Dungeon)

   rF+++:     It renders you almost immune to fire.
   rPois:     It protects you from poison rCorr: It protects you from acid and
   corrosion.
   *Slow:     It may slow you when you take damage.
 H - a +0 robe of cold resistance
 M - a +2 robe of willpower
 V - the +5 helmet of Puchocle (worn) {Drain rCorr Dex+3}
   (You found it on level 7 of the Dungeon)

   Dex+3:     It affects your dexterity (+3).
   rCorr:     It protects you from acid and corrosion.
   Drain:     It drains your maximum health when unequipped.
 Z - +0 swamp dragon scales
Jewellery
 t - a ring of flight (left hand)
 R - a +6 ring of strength (right hand)
Talismans
 c - a beast talisman
 d - a flux talisman (active)
 s - a maw talisman
Scrolls
 a - a scroll of immolation {unknown}
 i - 3 scrolls of summoning
 k - 2 scrolls of poison
 p - a scroll of brand weapon
 v - 2 scrolls of noise
 C - a scroll of teleportation
 J - 3 scrolls of blinking {unknown}
 N - a scroll of amnesia
 T - 3 scrolls of vulnerability {unknown}
 U - 4 scrolls of identify
Potions
 b - 2 potions of lignification
 e - 2 potions of heal wounds
 o - a potion of mutation
 u - a potion of might
 z - a potion of resistance {unknown}
 B - a potion of attraction {unknown}
 D - 2 potions of cancellation {unknown}
 I - 3 potions of brilliance {unknown}
 P - 2 potions of haste
 S - a potion of berserk rage {unknown}
 Y - a potion of curing


   Skills:
 + Level 7.1 Fighting
 + Level 3.1 Armour
 + Level 6.6 Dodging
 + Level 3.2 Stealth
 + Level 6.9 Unarmed Combat
 - Level 8.4 Invocations
 * Level 10.9 Shapeshifting


You had 10 spell levels left.
You didn't know any spells.
Your spell library was empty.

Dungeon Overview and Level Annotations

Branches:
Dungeon (10/15)            Temple (0/1) D:7            Lair (0/5) D:9
  Sewer (visited)          Bailey (visited)
    Orc: D:9-12

Altars:
Ashenzari
Hepliaklqana
Qazlal
Ru
Vehumet

Shops:
D:10 [


Innate Abilities, Weirdness & Mutations

You are something dangerously unstable.
You glow with magical radiation, making you easy to see and hit.
Foes you strike become dangerously contaminated with magical radiation.
You are incapable of wielding weapons or throwing items.
Your life essence is reduced to manifest your ancestor. (-10% HP)
You have large cloven feet.
A weak demonic guardian rushes to your aid.
You are mostly covered in sharp spines.
When seriously injured, your blood forms thick armour. (AC +9)
You are robust. (+10% HP)
Your spells are a little harder to cast, but a little more powerful.


Message History

Anedjib hits the fire elemental with a +0 dagger of draining. x2
The fire elemental is destroyed!
The fire elemental disappears in a puff of smoke!
You start resting.
A rakshasa is nearby!
You see here a +0 robe.
You swap places.
You start resting.
A rakshasa is nearby!
Anedjib closely misses the rakshasa. x2
Select a target.
Press: ? - help, Dir - move target, f - rakshasa
Aim: a rakshasa, wielding a +0 trident of venom and wearing a +0 robe (ally target)
The floor.
The rakshasa swaps with Anedjib!
The rakshasa is struck by your spines.
The rakshasa hits you with a +0 trident of venom!
You are poisoned.
The tengu conjurer barely misses Anedjib.
The tengu conjurer pecks Anedjib.
The tengu conjurer barely misses Anedjib.
Anedjib hits the rakshasa but does no damage.
Anedjib misses the rakshasa.
You hit the rakshasa but do no damage.
The rakshasa begins to glow.
You kick the rakshasa.
The rakshasa is lightly wounded.
You feel sick. The rakshasa gestures at you. The lance of force hits you!!
* * * LOW HITPOINT WARNING * * *
A demonic guardian appears!
You are knocked back by the lance of force.
You slam into the rock wall!
* * * LOW HITPOINT WARNING * * *
Something hits Anedjib.
Something barely misses Anedjib.
Something claws Anedjib.
Anedjib hits the rakshasa but does no damage. x2
* * * LOW HITPOINT WARNING * * *
You feel sick.
The rakshasa hits you from afar with a +0 trident of venom!
You die...

...####...........####
...# #....###'#.....#
.#.####....###.#...#.#
.#......##.....#...#.#
.......∩########)#.#.#
##.........# #)#.#.#
###........#####)#.#.# #
#.....#.......)#.#.# #
#.....##.#.#.5p...>#
###.....##.#.#[..#.#.#
.##.....##.#.#R###.#.#
........##.#.#R###.#.#####
##...#####.#.#Q..........#
.###...###....*.##...###.#
#..###...###...........#.#
.#...###...####...#.#.##.#
#...#..###...####Q#.#....#


You could see the friendly Anedjib the hexer, a rakshasa (contam, ally target)
and a friendly ufetubus (summoned).

Vanquished Creatures
  A centaur warrior (D:10)
  A two-headed ogre (D:10)
  A death yak (D:8)
  Psyche (D:8)
  Jeremiah (D:6)
  A troll (D:10)
  A vampire (D:9)
  16 yaks
  2 acid dragons (D:10)
  6 water moccasins
  Duvessa (D:6)
  An ice beast (D:8)
  A sky beast (D:8)
  4 orc warriors
  2 ogres (D:4)
  4 centaurs
  A phantom (D:7)
  8 kobold brigands
  4 bullfrogs
  2 scorpions
  A gnoll sergeant (D:5)
  13 wights
  Dowan (D:6)
  8 killer bees
  A howler monkey (D:8)
  5 orc priests
  3 jellies
  2 hounds
  An iguana (D:5)
  A sleepcap (D:8)
  A gnoll bouda (D:8)
  4 orc wizards
  7 gnolls
  2 white imps
  A worm (D:2)
  2 dart slugs
  36 orcs
  8 endoplasms
  4 giant cockroaches
  9 goblins
  5 hobgoblins
  6 jackals
  8 quokkas
  3 ball pythons
  5 bats
  6 frilled lizards
  33 kobolds
  4 rats
239 creatures vanquished.

Vanquished Creatures (collateral kills)
  3 death yaks
  A troll (D:9)
  A slime creature (D:10)
  A yak (D:10)
  Edmund (D:6)
  A water moccasin (Sewer)
  An ice beast (D:6)
  2 black bears
  5 orc warriors
  An ogre (D:4)
  Blork the orc (D:6)
  4 kobold brigands (Bailey)
  A bullfrog (D:8)
  3 killer bees
  A jelly (D:7)
  2 orc priests
  A sleepcap (D:6)
  An orc wizard (D:6)
  4 gnolls
  A shadow imp (D:5)
  A worm (D:2)
  13 orcs
  A jackal (Sewer)
  A quokka (D:6)
  3 kobolds
55 creatures vanquished.

Vanquished Creatures (others)
  A howler monkey (D:8)
  7 hexers
  An ancestor (D:4)
9 creatures vanquished.

Grand Total: 303 creatures vanquished

Notes
Turn   | Place    | Note
-------+----------+-------------------------------------------
     0 | D:1      | javelincjr the Demonspawn Shapeshifter began the quest for
                  | the Orb.
     0 | D:1      | Reached XP level 1. HP: 15/15 MP: 1/1
   132 | D:1      | Reached skill level 3 in Shapeshifting
   139 | D:1      | Gained mutation: You have large cloven feet. [demonic
                  | ancestry]
   139 | D:1      | Reached XP level 2. HP: 21/21 MP: 2/2
   455 | D:1      | Found a faded altar of an unknown god.
   498 | D:1      | Prayed at the altar of an unknown god.
   498 | D:1      | Became a worshipper of Hepliaklqana the Forgotten
   498 | D:1      | Reached * piety under Hepliaklqana
   771 | D:2      | Gained mutation: You are partially covered in sharp spines.
                  | [demonic ancestry]
   771 | D:2      | Reached XP level 3. HP: 23/23 MP: 3/3
  1084 | D:3      | Reached skill level 4 in Shapeshifting
  1138 | D:3      | Reached XP level 4. HP: 23/28 MP: 4/4
  1288 | D:3      | Reached ** piety under Hepliaklqana
  1635 | D:4      | Noticed an ogre
  1646 | D:4      | Killed an ogre
  1647 | D:4      | Reached skill level 5 in Shapeshifting
  1647 | D:4      | Gained mutation: A weak demonic guardian rushes to your
                  | aid. [demonic ancestry]
  1647 | D:4      | Reached XP level 5. HP: 4/33 MP: 5/5
  1647 | D:4      | Found a stormy altar of Qazlal.
  2124 | D:5      | Entered Level 5 of the Dungeon
  2124 | D:5      | Noticed an ogre
  2160 | D:5      | Remembered your ancestor Anedjib as a hexer
  2163 | D:5      | Gained mutation: When seriously injured, your blood forms
                  | armour. (AC +9) [demonic ancestry]
  2163 | D:5      | Reached XP level 6. HP: 35/38 MP: 3/6
  2180 | D:5      | Reached skill level 6 in Shapeshifting
  2360 | D:4      | Reached XP level 7. HP: 30/43 MP: 7/7
  2455 | D:5      | Reached skill level 1 in Invocations
  2455 | D:5      | Reached skill level 7 in Shapeshifting
  2711 | D:5      | Identified the +0 leather armour of Rasturao {*Slow rPois
                  | rF+++ rCorr}
  3076 | D:6      | Gained mutation: When seriously injured, your blood forms
                  | thick armour. (AC +9) [demonic ancestry]
  3076 | D:6      | Reached XP level 8. HP: 33/50 MP: 9/9
  3234 | D:6      | Noticed Blork the orc
  3243 | D:6      | Killed Blork the orc
  3297 | D:6      | Reached *** piety under Hepliaklqana
  3511 | D:6      | Found a glowing drain.
  3527 | Sewer    | Entered a sewer
  3745 | D:6      | Noticed Edmund
  3752 | D:6      | Killed Edmund
  3753 | D:6      | Reached skill level 8 in Shapeshifting
  3802 | D:6      | Noticed Jeremiah
  3819 | D:6      | Killed Jeremiah
  3820 | D:6      | Gained mutation: You are mostly covered in sharp spines.
                  | [demonic ancestry]
  3820 | D:6      | Reached XP level 9. HP: 43/58 MP: 12/12
  4057 | D:6      | Noticed Dowan
  4058 | D:6      | Noticed Duvessa
  4066 | D:6      | Killed Dowan
  4071 | D:6      | Killed Duvessa
  4595 | D:7      | Reached skill level 5 in Invocations
  4959 | D:7      | Found a staircase to the Ecumenical Temple.
  5082 | D:7      | Reached skill level 5 in Unarmed Combat
  5082 | D:7      | Reached skill level 9 in Shapeshifting
  5092 | D:7      | Identified the +5 helmet of Puchocle {Drain rCorr Dex+3}
  5430 | D:7      | Reached **** piety under Hepliaklqana
  5584 | D:8      | Gained mutation: You are robust. (+10% HP) [potion of
                  | mutation]
  5584 | D:8      | Gained mutation: Your spells are a little harder to cast,
                  | but a little more powerful. [potion of mutation]
  5585 | D:8      | Found a broken altar of Ashenzari.
  5585 | D:8      | Found a radiant altar of Vehumet.
  5594 | D:8      | Noticed Psyche
  5617 | D:8      | Killed Psyche
  5618 | D:8      | Reached skill level 5 in Fighting
  5680 | D:8      | Reached XP level 10. HP: 54/74 MP: 14/14
  5739 | D:8      | Found a sacrificial altar of Ru.
  5772 | D:8      | Found a flagged portal.
  5786 | D:8      | Reached skill level 5 in Dodging
  5808 | Bailey   | Entered a bailey
  5969 | Bailey   | HP: 3/74 [asphyx]
  6119 | Bailey   | Found an iron altar of Okawaru.
  6599 | D:9      | Noticed a death yak
  6600 | D:9      | Noticed a death yak
  6615 | D:8      | Killed a death yak
  6616 | D:8      | Reached skill level 10 in Shapeshifting
  6718 | D:9      | Noticed a death yak
  6718 | D:9      | Noticed a death yak
  6743 | D:8      | Killed a death yak
  6869 | D:9      | Killed a death yak
  6870 | D:9      | Reached skill level 1 in Armour
  6870 | D:9      | Reached skill level 1 in Stealth
  6870 | D:9      | Reached XP level 11. HP: 19/81 MP: 16/16
  6873 | D:9      | Killed a death yak
  7460 | D:9      | Found a staircase to the Lair.
  8035 | D:10     | Entered Level 10 of the Dungeon
  8214 | D:10     | Reached ***** piety under Hepliaklqana
  8235 | D:10     | Found Hurawoez's Armour Boutique.
  8282 | D:10     | Noticed a two-headed ogre
  8289 | D:10     | Killed a two-headed ogre
  8602 | D:10     | Noticed a centaur warrior
  8614 | D:10     | Noticed a deep elf pyromancer
  8614 | D:10     | Noticed a rakshasa
  8621 | D:10     | Killed a centaur warrior
  8664 | D:10     | HP: 3/84 [rock wall collision (10)]
  8665 | D:10     | Mangled by a rakshasa

Illustrated notes

Levels and vault maps discovered:
D:1:      dpeg_arrival_arbitrary_c, layout_basic,
          hellmonk_ecumenical_altar_pennies_from_heaven
D:2:      layout_rooms
D:3:      layout_basic
D:4:      layout_rooms, mainiacjoe_overflow_chevrons
D:5:      layout_cave_pools, chequers_big_river, lightli_minifort
D:6:      layout_cave_pods, portal_sewer_entry_f, dk_vineyard_3, uniq_jeremiah,
          uniq_blork_the_orc, uniq_duvessa, uniq_edmund
D:7:      layout_gridville, minmay_temple_entry_stoned_glass
D:8:      layout_rooms, nicolae_overflow_hidden_temple, nicolae_ru_awakened_eye,
          enter_bailey_3, grunt_ministairs_10, uniq_psyche
D:9:      layout_roguey [special_room_orc], dpeg_lair_monsters
D:10:     minmay_the_grid_four_pointed_star
          [minmay_the_grid_triangle_9x9_zippers_horizontal,
          minmay_the_grid_triangle_9x9_negative_grid,
          minmay_the_grid_triangle_9x9_swiss_cheese,
          minmay_the_grid_triangle_9x9_tough_junction,
          minmay_the_grid_prize_inner_circle], layout_basic, serial_shops, shop

Skill      XL: |  1  2  3  4  5  6  7  8  9 10 11 |
---------------+----------------------------------+-----
Shapeshifting  | 3 4 5 6 7 8 9 10 | 10.9
Dodging        | 2 3 4 5 6 |  6.6
Invocations    | 2 4 6 7 8 |  8.4
Unarmed Combat | 3 4 5 6 |  6.9
Fighting       | 2 3 5 6 7 |  7.1
Armour         | 1 3 |  3.1
Stealth        | 1 3 |  3.2

Action                     |  1- 3 |  4- 6 |  7- 9 | 10-12 || total
---------------------------+-------+-------+-------+-------++-------
  Melee: Unarmed           |    51 |       |   197 |   324 ||   572
         Kick              |    12 |    19 |    76 |   136 ||   243
         Dagger            |    30 |    67 |       |       ||    97
         Punch             |       |     3 |       |       ||     3
 Invoke: Recall Ancestor   |       |     1 |     1 |     1 ||     3
         Ancestor Life: He |       |     1 |       |       ||     1
         Transference      |       |       |       |     2 ||     2
    Use: Potion            |       |     1 |     1 |     6 ||     8
         Scroll            |       |       |    13 |     1 ||    14
   Stab: Distracted        |     1 |       |     2 |     3 ||     6
         Confused          |       |       |     4 |     5 ||     9
 Armour: Animal skin       |    10 |       |       |       ||    10
         Chain mail        |    26 |    32 |   166 |   206 ||   430
  Dodge: Dodged            |    35 |    17 |    58 |   141 ||   251
   Form: Flux              |       |       |     1 |       ||     1

Table legend: (Time is in decaauts)
 A = Elapsed time spent in this place.
 B = Non-inter-level travel time spent in this place.
 C = Inter-level travel time spent in this place.
 D = Time resting spent in this place.
 E = Time spent auto-exploring this place.
 F = Levels seen in this place.
 G = Mean time per level.
                   A        B        C        D        E       F      G
               +--------+--------+--------+--------+--------+-----+--------+
         Total |   8630 |   8327 |    303 |    638 |   5522 |  12 |  719.2 |
       Dungeon |   8035 |   7732 |    303 |    638 |   5138 |  10 |  803.5 |
         Sewer |    209 |    209 |      0 |      0 |    147 |   1 |  209.0 |
        Bailey |    385 |    385 |      0 |      0 |    237 |   1 |  385.0 |
               +--------+--------+--------+--------+--------+-----+--------+

Top non-repeatable levels by time:
     D:6: 1310 daAuts
     D:9: 1064 daAuts
     D:8: 1005 daAuts
     D:7: 989 daAuts
     D:3: 759 daAuts
     D:5: 730 daAuts
    D:10: 620 daAuts
     D:1: 610 daAuts
     D:4: 497 daAuts
     D:2: 446 daAuts
  Bailey: 385 daAuts
   Sewer: 209 daAuts
